 Dungeon Crawl Stone Soup version 0.30-a0-778-g2ef04afb54 (console) character file.

Game seed: 3323593996287145616

1351 rlgrobin the Cleaver (level 9, -1/74 HPs)
             Began as a Meteoran Fighter on Feb 16, 2023.
             Was an Initiate of Dithmenos.
             Slain by an orc knight
             ... wielding a +0 halberd
              (20 damage)
             ... in a bailey.
             The game lasted 00:05:59 (836 turns).

rlgrobin the Cleaver (Meteoran Fighter)              Turns: 836, Time: 00:06:00

Health: -1/74      AC: 10    Str: 19    XL:     9   Next: 16%
Magic:  10/10      EV: 15    Int:  9    God:    Dithmenos [......]
Gold:   121        SH:  0    Dex: 18    Spells: 8/8 levels left

rFire   . . .      SeeInvis .    a - +0 war axe
rCold   + . .      Faith    .    e - orb {light}
rNeg    . . .      Spirit   .    d - +4 ring mail "Nympeff" {rElec rC+}
rPois   .          Reflect  .    (no helmet)
rElec   +          Harm     .    (no cloak)
rCorr   .          Rampage  .    (no gloves)
Will    ++...                    (no boots)
Stlth   +                        (no amulet)
HPRegen 0.32/turn                b - ring of willpower
MPRegen 0.12/turn                i - +5 ring of evasion

@: glowing
A: sense surroundings 2, otherworldly, glowing, explore regen
a: Renounce Religion


You were in a bailey.
You worshipped Dithmenos.
Dithmenos was noncommittal.
You visited 1 branch of the dungeon, and saw 7 of its levels.
You also visited: Bailey.

You collected 121 gold pieces.

Inventory:

Hand Weapons
 a - a +0 war axe (weapon)
Missiles
 h - 8 poisoned darts (quivered)
 j - 2 throwing nets
Armour
 c - a +0 buckler
 d - the +4 ring mail "Nympeff" (worn) {rElec rC+}
   (You took it off an orc on level 5 of the Dungeon)

   rC:        It protects you from cold.
   rElec:     It insulates you from electricity.
 e - an orb of light (worn)
 t - a +0 plate armour
Jewellery
 b - a ring of willpower (left hand)
 i - a +5 ring of evasion (right hand)
Wands
 k - a wand of roots (2)
 n - a wand of flame (11)
Scrolls
 g - a scroll of magic mapping
 l - a scroll of vulnerability {unknown}
 m - a scroll of poison {unknown}
 o - 2 scrolls of identify {unknown}
 s - a scroll of blinking {unknown}
Potions
 f - a potion of attraction {unknown}
 p - a potion of heal wounds
 q - a potion of haste {unknown}
 r - a potion of resistance {unknown}


   Skills:
 + Level 5.6 Fighting
 + Level 10.7 Axes
 - Level 5.4 Armour
 - Level 3.6 Shields


You had 8 spell levels left.
You didn't know any spells.
Your spell library was empty.

Dungeon Overview and Level Annotations

Branches:
Dungeon (7/15) Zot: 3475   Bailey (1/1) Zot: 475
 Temple: D:4-7

Altars:
Dithmenos


Innate Abilities, Weirdness & Mutations

You passively map the area around you.
You are easily found by Zot.
You glow in the dark.
You regain HP and MP as you explore.


Message History

Here: an orc, wielding a +0 trident and wearing a +0 scale mail (strong, haloed)
The floor.
The grasping roots constrict the orc warrior. x2
The roots release their grip on the orc warrior.
The orc warrior misses you.
The roots lose their grip on something.
Aiming: Fastroot
Press: ? - help, Shift-Dir - straight line, f - orc warrior
Aim: an orc warrior, wielding a +0 glaive and wearing a +0 scale mail (severely wounded, strong, haloed)
Okay, then.
The orc warrior hits you with a +0 glaive!
Aiming: Fastroot
Press: ? - help, Shift-Dir - straight line The roots erupt in riotous growth!
Roots grab the orc warrior.
Roots grab the orc knight.
Roots grab the orc warrior.
The grasping roots constrict the orc warrior.
The grasping roots constrict the orc knight.
The grasping roots constrict the orc warrior.
The orc warrior misses you.
The orc warrior hits you from afar with a +0 trident.
The orc knight hits you from afar with a +0 halberd.
You hit the orc warrior.
The orc warrior is almost dead.
The grasping roots constrict the orc warrior.
The grasping roots constrict the orc knight.
The grasping roots constrict the orc warrior.
The roots release their grip on the orc warrior.
The roots release their grip on the orc knight.
The roots release their grip on the orc warrior.
The orc warrior barely misses you.
The orc knight roars a battlecry!
The orcs go into a battle-frenzy!
You completely miss the orc warrior.
The orc warrior is almost dead.
The orc warrior hits you but does no damage.
The orc warrior hits you from afar with a +0 trident!
* * * LOW HITPOINT WARNING * * *
The orc knight hits you from afar with a +0 halberd!!
You die...

* ,####........####. *
≈≈...................*
≈≈≈............♣....♣
~≈≈≈≈≈...#....#...♣♣♣♣
≈≈≈≈≈≈≈≈#....#≈≈≈≈≈♣♣#
♣≈≈≈≈≈≈≈#....#≈≈≈≈≈≈≈#
♣.≈≈≈≈≈≈#..oo#≈≈≈≈≈≈≈#
♣...≈≈≈≈#..o.#≈≈≈≈≈≈≈#
*♣......#....#@...≈≈≈#
♣♣.....)...ooo....≈≈#
###.♣♣....o..♣.♣..♣#
#.♣............♣♣
#............###
##..........##
#..........#
#♣..∩..∩..♣#
♣........♣


You could see an orc knight, 2 orc warriors and an orc (strong).

Vanquished Creatures
  A steam dragon (D:7)
  An ice beast (D:5)
  3 orc warriors (Bailey)
  2 black bears (D:5)
  An ogre (D:7)
  A centaur (D:5)
  A kobold brigand (D:4)
  A necrophage (D:5)
  2 scorpions
  A hound (D:5)
  2 jellies
  An orc priest (D:6)
  Terence (D:3)
  Natasha (D:4)
  An iguana (D:5)
  3 gnolls (D:7)
  An adder (D:3)
  A white imp (D:5)
  A dart slug (D:4)
  5 orcs
  2 ball pythons
  A goblin (D:4)
  A kobold (D:4)
  A quokka (D:5)
  A rat (D:1)
37 creatures vanquished.

Notes
Turn   | Place    | Note
-------+----------+-------------------------------------------
     0 | D:1      | rlgrobin the Meteoran Fighter began the quest for the Orb.
     0 | D:1      | Reached XP level 1. HP: 19/19 MP: 2/2
    37 | D:1      | You fall into a shaft and drop 1 floor!
    54 | D:3      | Reached skill level 3 in Axes
    54 | D:3      | Reached XP level 2. HP: 15/26 MP: 3/3
    79 | D:3      | Noticed Terence
    89 | D:3      | Killed Terence
    90 | D:3      | Reached skill level 4 in Axes
    90 | D:3      | Reached XP level 3. HP: 17/31 MP: 4/4
   124 | D:4      | Noticed a kobold brigand
   135 | D:4      | Killed a kobold brigand
   136 | D:4      | Reached skill level 5 in Axes
   136 | D:4      | Reached XP level 4. HP: 33/38 MP: 5/5
   136 | D:4      | Reached XP level 5. HP: 39/45 MP: 6/6
   158 | D:4      | Noticed Natasha
   163 | D:4      | Killed Natasha
   164 | D:4      | Reached skill level 6 in Axes
   189 | D:5      | Entered Level 5 of the Dungeon
   219 | D:5      | Identified the +0 robe of Otyisch {Str+4 Dex+2}
   231 | D:5      | Reached XP level 6. HP: 51/51 MP: 7/7
   261 | D:5      | Reached skill level 7 in Axes
   325 | D:5      | Noticed a centaur
   331 | D:5      | Noticed a black bear
   334 | D:5      | Killed a centaur
   335 | D:5      | Reached skill level 8 in Axes
   335 | D:5      | Reached XP level 7. HP: 23/57 MP: 8/8
   343 | D:5      | Identified the +4 ring mail "Nympeff" {rElec rC+}
   349 | D:5      | Reached skill level 9 in Axes
   353 | D:5      | Reached XP level 8. HP: 10/63 MP: 9/9
   538 | D:5      | Reached skill level 10 in Axes
   596 | D:7      | Found a shadowy altar of Dithmenos.
   599 | D:7      | Noticed a steam dragon
   616 | D:7      | Killed a steam dragon
   637 | D:7      | Became a worshipper of Dithmenos the Shadowed
   669 | D:7      | Reached skill level 5 in Armour
   702 | D:7      | Found a flagged portal.
   711 | Bailey   | Entered a bailey
   742 | Bailey   | Reached skill level 5 in Fighting
   774 | Bailey   | Gained mutation: You passively map the area around you.
                  | [Meteoran growth]
   774 | Bailey   | Reached XP level 9. HP: 39/74 MP: 10/10
   806 | Bailey   | Noticed an orc knight
   836 | Bailey   | Slain by an orc knight

Illustrated notes

Levels and vault maps discovered:
D:1:      dreamdust_arrival_beginning_and_end, layout_loops_cross,
          hellmonk_ecumenical_altar_arch_garden,
          hangedman_abyss_or_decor_lesser_grid, kennysheep_nondescript
D:2:      layout_basic
D:3:      minmay_inner_zag, layout_loops_cross, kennysheep_orc_chapel,
          uniq_terence
D:4:      layout_basic, grunt_qazlal_clouds, minmay_temple_entry_nine_rooms,
          serial_shops, nicolae_shop_temple_entry_statues_fountains,
          uniq_blork_the_orc, uniq_natasha, uniq_robin, uniq_grinder
D:5:      layout_loops_ring, minmay_circle_x
D:6:      layout_loops_corners, pf_just_have_faith, nicolae_figureground_pulse
D:7:      layout_loops_cross, amcnicky_altar_gilded,
          grunt_temple_overflow_order_and_chaos_1, enter_bailey_8,
          ebering_ghost_disaster_area, nicolae_shop_self_help
Bailey:   bailey_polearm_elven_captive_hellmonk, bailey

Skill      XL: |  1  2  3  4  5  6  7  8 |
---------------+-------------------------+-----
Axes           | 3 4 5 6 8 9 10 | 10.7
Armour         | 5 |  5.4
Fighting       | 5 |  5.6
Shields        | |  3.6

Action                     |  1- 3 |  4- 6 |  7- 9 || total
---------------------------+-------+-------+-------++-------
  Melee: War axe           |    27 |    38 |    82 ||   147
  Evoke: Wand              |       |       |     5 ||     5
    Use: Potion            |       |       |     4 ||     4
         Scroll            |       |       |     1 ||     1
 Armour: Scale mail        |     8 |       |       ||     8
         Chain mail        |     1 |    21 |     6 ||    28
         Skin              |       |       |    25 ||    25
         Ring mail         |       |       |     9 ||     9
  Dodge: Dodged            |    12 |    21 |    45 ||    78
  Block: Buckler           |     1 |       |       ||     1

Table legend: (Time is in decaauts)
 A = Elapsed time spent in this place.
 B = Non-inter-level travel time spent in this place.
 C = Inter-level travel time spent in this place.
 D = Time resting spent in this place.
 E = Time spent auto-exploring this place.
 F = Levels seen in this place.
 G = Mean time per level.
                   A        B        C        D        E       F      G
               +--------+--------+--------+--------+--------+-----+--------+
         Total |    848 |    848 |      0 |     28 |      0 |   8 |  106.0 |
       Dungeon |    724 |    724 |      0 |     28 |      0 |   7 |  103.4 |
        Bailey |    124 |    124 |      0 |      0 |      0 |   1 |  124.0 |
               +--------+--------+--------+--------+--------+-----+--------+

Top non-repeatable levels by time:
     D:5: 318 daAuts
     D:7: 134 daAuts
  Bailey: 124 daAuts
     D:3: 85 daAuts
     D:6: 73 daAuts
     D:4: 68 daAuts
     D:1: 38 daAuts
     D:2: 5 daAuts
